 Dungeon Crawl Stone Soup version 0.29.1-2-gbd0b4ee654 (webtiles) character file.

Game seed: 12644907152000668019

495 H0rd4k the Charlatan (level 7, -2/45 HPs)
             Began as an Octopode Artificer on Oct 28, 2022.
             Slain by a gnoll
             ... wielding a +0 club
             ... led by a gnoll bouda
              (9 damage)
             ... on level 4 of the Dungeon.
             The game lasted 00:03:15 (5273 turns).

H0rd4k the Charlatan (Octopode Artificer)           Turns: 5273, Time: 00:03:15

Health: -2/45      AC:  1    Str: 12    XL:     7   Next: 15%
Magic:  7/7        EV: 14    Int: 15    God:
Gold:   266        SH:  0    Dex: 12    Spells: 6/6 levels left

rFire   + . .      SeeInvis +   r - +8 quarterstaff of an ice cave {flame, rF+ SInv}
rCold   . . .      Faith    .   (shield currently unavailable)
rNeg    . . .      Spirit   .   (helmet restricted)
rPois   +          Reflect  .   (no amulet)
rElec   .          Harm     .   p - ring of poison resistance
rCorr   .          Rampage  .   (no ring)
Will    .....                   (no ring)
Stlth   +++.......              (no ring)
HPRegen 0.15/turn               (no ring)
MPRegen 0.10/turn               (no ring)
                                (no ring)
                                (no ring)

@: no status effects
A: almost no armour, amphibious, 8 rings, camouflage 1, gelatinous body 1,
(nimble swimmer 1), tentacles
a: no special abilities


You were on level 4 of the Dungeon.
You visited 1 branch of the dungeon, and saw 4 of its levels.

You collected 266 gold pieces.

Inventory:

Hand Weapons
 r - the +8 quarterstaff of an ice cave (weapon) {flame, rF+ SInv}
   (You found it on level 3 of the Dungeon)

   It burns those it strikes, dealing additional fire damage.
   rF:        It protects you from fire.
   SInv:      It lets you see invisible.
Jewellery
 p - a ring of poison resistance (left tentacle)
Wands
 b - a wand of flame (21) (quivered)
 c - a wand of charming (15)
 d - a wand of iceblast (4)
 n - a wand of light (9)
Scrolls
 a - a scroll of poison {unknown}
 e - 3 scrolls of noise {unknown}
 h - a scroll of amnesia {unknown}
 l - a scroll of blinking {unknown}
 s - a scroll of identify {unknown}
 t - a scroll of magic mapping {unknown}
 u - a scroll of immolation {unknown}
Potions
 f - 2 potions of flight {unknown}
 g - a potion of mutation {unknown}
 i - a potion of curing {unknown}
 j - 2 potions of invisibility {unknown}
 k - 3 potions of haste {unknown}
 m - a potion of berserk rage {unknown}
 o - 2 potions of attraction {unknown}
 q - a potion of might {unknown}


   Skills:
 + Level 2.4 Fighting
 + Level 2.6 Staves
 + Level 4.3 Dodging
 - Level 1.3 Stealth
 + Level 3.6 Unarmed Combat
 + Level 4.7 Evocations


You had 6 spell levels left.
You didn't know any spells.
Your spell library contained the following spells:

 Spells                   Type           Power      Damage    Failure   Level
 Call Canine Familiar     Summ           0%         N/A       63%         3
 Portal Projectile        Hex/Tloc       0%         N/A       63%         3
 Leda's Liquefaction      Hex/Erth       0%         N/A       95%         4


Dungeon Overview and Level Annotations

Branches:
Dungeon (4/15)
 Temple: D:4-7

Altars:

Shops:
D:1 [


Innate Abilities, Weirdness & Mutations

You cannot wear most types of armour.
You are amphibious.
You can wear up to eight rings at the same time.
Your skin changes colour to match your surroundings (Stealth+).
Your rubbery body absorbs attacks. (AC +1, EV +1)
((You are camouflaged when in or above water. (Stealth+)))
You have tentacles for arms and can constrict up to eight enemies at once.


Message History

There is an open door here.
You thump the gnoll! You burn the gnoll.
You kill the gnoll!
The gnoll bouda barks out a call to the hunt!
The gnolls pick up the pace!
The gnoll barely misses you.
You sock the gnoll! You burn the gnoll. You grab the gnoll.
Your squeeze misses the gnoll.
The gnoll is almost dead.
You constrict the gnoll.
You kill the gnoll!
You sock the gnoll bouda! You burn the gnoll bouda. You grab the gnoll bouda.
You squeeze the gnoll bouda.
The gnoll bouda is severely wounded.
You constrict the gnoll bouda.
The gnoll bouda gazes fiercely through you!
You feel your attacks grow feeble. The gnoll bouda misses you.
You thump the gnoll bouda! You burn the gnoll bouda.
You kill the gnoll bouda!
The gnoll closely misses you. x2
You sock the gnoll! You burn the gnoll.
You kill the gnoll!
The gnoll hits you from afar with a +0 spear!
You closely miss the gnoll. Your grab misses the gnoll. You squeeze the gnoll!
The gnoll is heavily wounded.
The gnoll hits you with a +0 club.
* * * LOW HITPOINT WARNING * * *
The gnoll closely misses you. The gnoll hits you with a +0 club.
* * * LOW HITPOINT WARNING * * *
You closely miss the gnoll. Your grab misses the gnoll.
Your tentacle-slap misses the gnoll.
You squeeze the gnoll.
The gnoll is severely wounded.
The gnoll closely misses you. The gnoll hits you with a +0 club.
* * * LOW HITPOINT WARNING * * *
You hit the gnoll. You burn the gnoll. Your grab misses the gnoll.
The gnoll is almost dead.
Your attacks no longer feel as feeble.
The gnoll closely misses you. The gnoll hits you with a +0 club!
You die...

#...# #.. #.....#.....#.##
#...##.'.. +.....'.....'..#
.......# #.....#.....##.###
......### ###...###...###...#
...####.## ##.##.##.##.##.###.#
.#.###...#+#...###...#'#...##.#
....'.....+....g'.....'.....')#
....##...###.g$#g#...###...##.#
.#.#.##.##.##.##@##.##.##.##..#
...#..###...###...###...###..##
####...#)....#.....#.....##.##
.......))....'..♣..'.....'...#
###..###.....#.....#.....###.#
#.....###...###...###...####.##
#.#.###.##.##.##.##.##.##.##..#
#.#.##...###...#'#...###...##.#
#.#.'.....+.....'.....+.....'.#


You could see 2 gnolls.

Vanquished Creatures
  A phantom (D:4)
  An orc priest (D:4)
  A hound (D:4)
  A gnoll bouda (D:4)
  2 iguanas (D:4)
  Natasha (thrice) (D:2)
  An orc wizard (D:4)
  Robin (D:2)
  3 gnolls (D:4)
  3 adders
  A worm (D:4)
  4 dart slugs
  12 orcs
  4 ball pythons (D:2)
  5 bats
  4 endoplasms
  7 giant cockroaches
  15 goblins
  6 hobgoblins
  7 quokkas
  2 frilled lizards
  5 kobolds
  6 rats
  A spectral goblin (D:3)
96 creatures vanquished.

Notes
Turn   | Place    | Note
-------+----------+-------------------------------------------
     0 | D:1      | H0rd4k the Octopode Artificer began the quest for the Orb.
     0 | D:1      | Reached XP level 1. HP: 13/13 MP: 1/1
   135 | D:1      | Found Haprumuw's Antique Armour Boutique.
   432 | D:1      | Reached XP level 2. HP: 8/18 MP: 2/2
  1738 | D:2      | Reached XP level 3. HP: 18/23 MP: 3/3
  2262 | D:2      | Noticed Natasha
  2272 | D:2      | Killed Natasha
  2273 | D:2      | Reached skill level 1 in Unarmed Combat
  2273 | D:2      | Reached XP level 4. HP: 5/28 MP: 4/4
  2443 | D:2      | Noticed Natasha
  2521 | D:2      | Killed Natasha
  2618 | D:2      | Noticed Natasha
  2669 | D:2      | Killed Natasha
  2670 | D:2      | Reached XP level 5. HP: 33/33 MP: 5/5
  2907 | D:2      | Noticed Robin
  2929 | D:2      | Killed Robin
  3600 | D:3      | Identified the +8 quarterstaff of an ice cave {flame, rF+
                  | SInv}
  3803 | D:3      | Found a faded altar of an unknown god.
  4504 | D:4      | Noticed a phantom
  4512 | D:4      | Killed a phantom
  4513 | D:4      | Reached skill level 1 in Staves
  4513 | D:4      | Reached XP level 6. HP: 19/39 MP: 6/6
  5079 | D:4      | Reached XP level 7. HP: 19/45 MP: 7/7
  5273 | D:4      | Slain by a gnoll

Illustrated notes

Levels and vault maps discovered:
D:1:      dpeg_arrival_radiant, layout_loops_ring, serial_shops, shop,
          minmay_misc_feat_roman
D:2:      layout_basic, chequers_serial_rivers_large_a, uniq_natasha, uniq_robin
D:3:      layout_loops_corners, dreamdust_ecumenical_altar_drowned_temple,
          serial_aquarium, aquarium_bridge_square [aquarium_subvault_bridge,
          aquarium_subvault_balcony, aquarium_subvault_wall,
          aquarium_subvault_window], aquarium_window_fake,
          aquarium_window_corridor_1, aquarium_window_fake,
          aquarium_window_fake, aquarium_view_2c, aquarium_pool_five,
          grunt_decor_cap
D:4:      layout_basic, nicolae_hexahallways

Skill      XL: |  1  2  3  4  5  6 |
---------------+-------------------+-----
Evocations     | 4 |  4.7
Dodging        | 3 4 |  4.3
Unarmed Combat | 1 3 |  3.6
Fighting       | 2 |  2.4
Staves         | 1 2 |  2.6
Stealth        | |  1.3

Action                   |  1- 3 |  4- 6 |  7- 9 || total
-------------------------+-------+-------+-------++-------
Melee: Club              |    13 |       |       ||    13
       Constrict         |    24 |    31 |     3 ||    58
       Tentacles         |    19 |    26 |     3 ||    48
       Punch             |     2 |     5 |       ||     7
       Unarmed           |    85 |    70 |       ||   155
       Quarterstaff      |       |    50 |    13 ||    63
Evoke: Wand              |     1 |     6 |       ||     7
 Stab: Sleeping          |     8 |     2 |       ||    10
Armor: Skin              |    19 |    11 |       ||    30
Dodge: Dodged            |    67 |    72 |    16 ||   155
